 Dungeon Crawl Stone Soup version 0.27.0-1-g7a089689b8 (webtiles) character file.

Game seed: 14110767427200521516

304 Malachi the Chopper (level 6, -1/51 HPs)
             Began as a Palentonga Fighter on Aug 15, 2021.
             Killed by divine providence
             ... invoked by an orc priest
              (9 damage)
             ... on level 4 of the Dungeon.
             The game lasted 00:04:19 (3286 turns).

Malachi the Chopper (Palentonga Fighter)            Turns: 3286, Time: 00:04:21

Health: -1/51      AC:  9    Str: 21    XL:     6   Next: 15%
Magic:  6/6        EV:  4    Int:  9    God:
Gold:   131        SH:  0    Dex:  9    Spells: 5/5 levels left

rFire    . . .     SeeInvis +   j - +2 executioner's axe (freeze)
rCold    . . .     Faith    .   (shield currently unavailable)
rNeg     . . .     Spirit   .   r - +0 plate armour
rPois    .         Reflect  .   (no helmet)
rElec    .         Harm     .   (no cloak)
rCorr    +         Rampage  .   (no gloves)
Will     .....                  (no barding)
Stlth    ..........             (no amulet)
HPRegen  0.17/turn              f - ring of resist corrosion
MPRegen  0.10/turn              (no ring)

@: no status effects
A: large, rugged brown scales 3, see invisible, deformed body, roll 1, armoured
tail
a: Rolling Charge


You were on level 4 of the Dungeon.
You visited 1 branch of the dungeon, and saw 4 of its levels.

You collected 131 gold pieces.

Inventory:

Hand Weapons
 a - a +0 war axe
 j - a +2 executioner's axe of freezing (weapon)
 p - a +1 hand axe of flaming
Missiles
 q - 11 poisoned darts
Armour
 b - a +0 scale mail
 c - a +0 kite shield
 r - a +0 plate armour (worn)
Jewellery
 f - a ring of resist corrosion (left hand)
 h - an amulet of magic regeneration
 k - a +6 ring of intelligence
 o - a ring of flight
Wands
 d - a wand of mindburst (11)
Potions
 e - 3 potions of brilliance
 g - a potion of haste {unknown}
 i - 2 potions of heal wounds {unknown}
 l - a potion of berserk rage {unknown}
 m - a potion of flight {unknown}


   Skills:
 + Level 3.8 Fighting
 * Level 4.7 Axes
 + Level 3.3 Armour
 + Level 0.6 Dodging
 + Level 2.9 Shields
 + Level 0.1 Evocations


You had 5 spell levels left.
You didn't know any spells.
Your spell library contained the following spells:

 Spells                   Type           Power      Damage    Failure   Level
 Call Canine Familiar     Summ           0%         N/A       100%        3
 Portal Projectile        Hex/Tloc       0%         N/A       100%        3
 Leda's Liquefaction      Hex/Erth       0%         N/A       100%        4


Dungeon Overview and Level Annotations

Branches:
Dungeon (4/15)
 Temple: D:4-7

Altars:


Innate Abilities, Weirdness & Mutations

You are completely covered in rugged brown scales. (AC +3, +7% HP)
You have supernaturally acute eyesight. (SInv)
Armour fits poorly on your strangely shaped body.
You can roll at nearby foes to attack.
You have a long armoured tail.


Message History

The orc hits you but does no damage. The orc hits you but does no damage.
You see here a ball python corpse.
The giant cockroach bites you.
The giant cockroach bites you but does no damage.
You barely miss the giant cockroach. You tail-slap the giant cockroach.
The giant cockroach is severely wounded.
The giant cockroach bites you but does no damage. x2
You hit the giant cockroach but do no damage.
You tail-slap the giant cockroach.
You kill the giant cockroach!
You closely miss the orc. The orc hits you with a +0 dagger.
You hit the orc. You freeze the orc.
You kill the orc!
The orc hits you with a +0 short sword.
You barely miss the orc.
Your tail-slap misses the orc.
The orc hits you with a +0 short sword.
The orc priest miscasts a cantrip.
The orc hits you but does no damage.
You slice the orc!! You freeze the orc.
You kill the orc!
The orc hits you but does no damage.
You slice the orc!! You freeze the orc.
You kill the orc!
The orc priest barely misses you.
You closely miss the orc priest.
Your tail-slap misses the orc priest.
The orc priest hits you but does no damage.
You hit the orc priest. You freeze the orc priest.
The orc priest is moderately wounded.
The orc priest barely misses you.
The orc priest invokes the aid of Beogh against you.
Beogh smites you!
You closely miss the orc priest.
The orc priest is moderately wounded.
The orc priest mumbles some strange prayers to Beogh against you.
Pain shoots through your body!
* * * LOW HITPOINT WARNING * * *
The orc priest calls down the wrath of Beogh upon you.
Beogh smites you!
You die...

.## ###.. #.... ....#
.... #... .... #.. ..#
#.### . #.# #...## . #
###.## #o#.o## #.#
#....####@##o.## #.#
#.........###o.#
##.#####....######
##....(# ......#.....#
..##.....
............##.. o..#
.... .###.............
.o... ##.
.##>)###....##........#
.#..## #..<.# .......#
...## #(...# ########


You could see an orc priest.

Vanquished Creatures
  A phantom (D:4)
  A scorpion (D:3)
  An orc wizard (D:3)
  3 adders
  A worm (D:3)
  A dart slug (D:1)
  19 orcs
  11 ball pythons
  8 endoplasms
  4 giant cockroaches
  2 goblins (D:2)
  4 hobgoblins (D:2)
  11 jackals
  3 quokkas (D:2)
  5 bats
  2 frilled lizards
  6 kobolds
  7 rats
90 creatures vanquished.

Notes
Turn   | Place    | Note
-------+----------+-------------------------------------------
     0 | D:1      | Malachi the Palentonga Fighter began the quest for the Orb.
     0 | D:1      | Reached XP level 1. HP: 19/19 MP: 1/1
   226 | D:1      | Reached XP level 2. HP: 25/25 MP: 2/2
   882 | D:2      | Reached XP level 3. HP: 8/31 MP: 3/3
  2008 | D:2      | Reached XP level 4. HP: 37/37 MP: 4/4
  2343 | D:3      | Noticed a scorpion
  2348 | D:3      | Killed a scorpion
  2349 | D:3      | Reached skill level 3 in Axes
  2393 | D:3      | Reached XP level 5. HP: 43/43 MP: 5/5
  2505 | D:3      | Reached skill level 4 in Axes
  2906 | D:4      | Identified a scroll of acquirement
  2906 | D:4      | Acquired a +2 executioner's axe of freezing
  2985 | D:4      | Noticed a phantom
  3008 | D:4      | Killed a phantom
  3009 | D:4      | Reached XP level 6. HP: 29/51 MP: 6/6
  3286 | D:4      | Killed from afar by an orc priest

Illustrated notes

Levels and vault maps discovered:
D:1:      grunt_arrival_crossed_arrows, layout_loops_ring, minmay_tromino_mix6
D:2:      layout_rooms, st_stairs_1, grunt_ministairs_9, minivault_27,
          grunt_decor_arrowhead
D:3:      layout_rooms, hex_medium
D:4:      layout_rooms, uniq_eustachio

Skill      XL: |  1  2  3  4  5 |
---------------+----------------+-----
Armour         | 3 |  3.3
Axes           | 3 4 |  4.7
Fighting       | |  3.8
Dodging        | |  0.6
Shields        | |  2.9
Evocations     | |  0.1

Action                   |  1- 3 |  4- 6 || total
-------------------------+-------+-------++-------
Melee: War axe           |   148 |    81 ||   229
       Tailslap          |     7 |    13 ||    20
       Executioner's axe |       |    34 ||    34
Evoke: Wand              |       |     5 ||     5
  Use: Potion            |     1 |       ||     1
       Scroll            |     2 |     2 ||     4
Armor: Scale mail        |    95 |    40 ||   135
       Plate armour      |       |    36 ||    36
Dodge: Dodged            |    37 |    30 ||    67
Block: Kite shield       |    94 |    42 ||   136
